 Dungeon Crawl Stone Soup version 0.24.0-28-g17ded55e90 (webtiles) character file.

Game seed: 17443110974583595149, levelgen mode: deterministic

39 Delamore the Chopper (level 3, -1/31 HPs)
             Began as a Hill Orc Monk on Nov 11, 2019.
             Was an Initiate of Ru.
             Slain by an adder (2 damage)
             ... on level 3 of the Dungeon.
             The game lasted 00:02:37 (1353 turns).

Delamore the Chopper (Hill Orc Monk)                Turns: 1353, Time: 00:02:37

Health: -1/31      AC:  3    Str: 14    XL:     3   Next: 47%
Magic:  3/3        EV: 13    Int: 10    God:    Ru [......]
Gold:   89         SH:  0    Dex: 13    Spells: 2/2 levels left

rFire    . . .     SeeInvis .   a - +0 hand axe
rCold    . . .     Gourm    .   (no shield)
rNeg     . . .     Faith    .   b - +0 robe
rPois    .         Spirit   .   (no helmet)
rElec    .         Reflect  .   i - scarf {repulsion}
rCorr    .         Harm     .   g - +0 pair of gloves
MR       .....                  (no boots)
Stlth    +++.......             (no amulet)
HPRegen  0.10/turn              k - ring of stealth
MPRegen  0.08/turn              (no ring)

@: lethally poisoned (-1 -> -4), about to teleport, repel missiles
A: no striking features
a: Sacrifice Stealth, Sacrifice an Eye, Sacrifice Words, Reject Sacrifices,
Renounce Religion


You were on level 3 of the Dungeon.
You worshipped Ru.
Ru was noncommittal.
You were very hungry.

You visited 1 branch of the dungeon, and saw 3 of its levels.

You collected 89 gold pieces.

Inventory:

Hand Weapons
 a - a +0 hand axe (weapon)
Armour
 b - a +0 robe (worn)
 g - a +0 pair of gloves (worn)
 h - a +0 plate armour
 i - a scarf of repulsion (worn)
Jewellery
 k - a ring of stealth (left hand)
Scrolls
 d - 4 scrolls of identify {unknown}
Potions
 e - a potion of brilliance {unknown}
 j - a potion of heal wounds {unknown}
 l - a potion of might {unknown}
Comestibles
 c - 5 rations


   Skills:
 - Level 3.6 Fighting
 + Level 5.9 Axes
 - Level 2.4 Dodging
 - Level 1.5 Stealth


You had 2 spell levels left.
You didn't know any spells.
Your spell library was empty.

Dungeon Overview and Level Annotations

Branches:
Dungeon (3/15)

Altars:
Ru


Message History

The adder barely misses you.
The jackal bites you but does no damage.
You hit the adder.
The adder is almost dead.
You hit the jackal.
You kill the jackal!
You barely miss the quokka. You hit the gnoll but do no damage.
You miss the adder.
* * * LOW HITPOINT WARNING * * *
You feel sick. The adder barely misses you.
An adder comes into view.
The quokka closely misses you. The gnoll misses you. The adder bites you.
* * * LOW HITPOINT WARNING * * *
The adder closely misses you.
As you read the scroll labeled KIOM WEODAIVU, it crumbles to dust.
You feel strangely unstable.
It was a scroll of teleportation.
The quokka bites you.
* * * LOW HITPOINT WARNING * * *
The jackal closely misses you. The adder bites you.
You die...

#......# .......
#......# #.#####
#......###.#####
#..............#
#.....$........#
#..............#
########........
#SSK...S.
#@ggg....
#hr......
#........
.........
.........
..........
..........
..$........


You could see 3 gnolls, 3 adders, a quokka, a jackal and a kobold.

Vanquished Creatures
  An adder (D:3)
  A leopard gecko (D:2)
  2 giant cockroaches
  4 goblins (D:1)
  4 hobgoblins
  2 jackals (D:3)
  A quokka (D:2)
  4 bats
  3 frilled lizards
  2 kobolds (D:2)
  4 rats
28 creatures vanquished.

Notes
Turn   | Place    | Note
-------+----------+-------------------------------------------
     0 | D:1      | Delamore the Hill Orc Monk began the quest for the Orb.
     0 | D:1      | Reached XP level 1. HP: 19/19 MP: 1/1
   338 | D:1      | Reached XP level 2. HP: 26/26 MP: 2/2
   653 | D:2      | Reached skill level 5 in Axes
   847 | D:2      | Found a faded altar of an unknown god.
   864 | D:2      | Became a worshipper of Ru the Awakened
  1087 | D:3      | Reached XP level 3. HP: 16/31 MP: 3/3
  1353 | D:3      | HP: 1/31 [quokka (1)]
  1353 | D:3      | Slain by an adder

Levels and vault maps discovered:
D:1:      lightli_molten_gateway, layout_basic, hangedman_decor_clover_reticule
D:2:      layout_basic, chequers_ecumenical_altar_simple_redux
D:3:      layout_basic

Skill      XL: |  1  2 |
---------------+-------+-----
Axes           | 5 |  5.9
Fighting       | |  3.6
Dodging        | |  2.4
Stealth        | |  1.5

Action                   || total
-------------------------++-------
Melee: Hand axe          ||    87
  Use: Scroll            ||     1
 Stab: Sleeping          ||     3
Armor: Robe              ||    22
Dodge: Dodged            ||    68
